 Dungeon Crawl Stone Soup version 0.27-a0-1431-gcffa5a9b16 (webtiles) character file.

Game seed: 15356001487639224819

9791 dickylongcocking the Thaumaturge (level 11, -3/84 HPs)
             Began as a Djinni Venom Mage on July 2, 2021.
             Was a Priest of Makhleb.
             Slain by a warg (8 damage)
             ... on level 8 of the Dungeon.
             The game lasted 00:12:27 (12566 turns).

dickylongcocking the Thaumaturge (DjVM)            Turns: 12566, Time: 00:12:28

Health: -3/84      AC:  5    Str:  7    XL:     11   Next: 81%
Gold:   315        EV: 15    Int: 20    God:    Makhleb [***...] SH:  0 Dex: 14

rFire    + . .     SeeInvis .   j - +0 dagger (venom)
rCold    . . .     Faith    .   (no shield)
rNeg     + . .     Spirit   .   h - +0 leather armour
rPois    ∞         Reflect  .   (no helmet)
rElec    .         Harm     .   k - +0 cloak
rCorr    .         Rampage  .   (no gloves)
Will     +....                  (boots unavailable)
Stlth    ++........             (no amulet)
HPRegen  0.24/turn              u - ring of ice
MPRegen  0.00/turn              l - ring of positive energy

@: flying
A: sickness immunity, fire resistance 2, cold vulnerability 1, float, innate
caster, hp casting, extra vitality 1
a: Renounce Religion, Minor Destruction, Lesser Servant of Makhleb


You were on level 8 of the Dungeon.
You worshipped Makhleb.
Makhleb was most pleased with you.
You visited 2 branches of the dungeon, and saw 9 of its levels.

You collected 410 gold pieces.
You spent 95 gold pieces at shops.

Inventory:

Hand Weapons
 b - a +0 short sword
 j - a +0 dagger of venom (weapon)
 p - a +0 whip of draining
 q - a +1 short sword of distortion
Armour
 a - a +0 robe
 h - a +0 leather armour (worn)
 k - a +0 cloak (worn)
 x - a +0 ring mail
Magical Staves
 y - a staff of air
Jewellery
 l - a ring of positive energy (right hand)
 u - a ring of ice (left hand)
 v - a ring of resist corrosion
Wands
 g - a wand of flame (16)
 s - a wand of mindburst (9)
 z - a wand of iceblast (2)
Scrolls
 c - 2 scrolls of amnesia {unknown}
 e - 2 scrolls of teleportation {unknown}
 f - a scroll of noise {unknown}
 i - 8 scrolls of identify {unknown}
 n - a scroll of fog
 o - a scroll of enchant weapon {unknown}
 r - 2 scrolls of magic mapping {unknown}
 t - a scroll of vulnerability {unknown}
Potions
 m - a potion of flight {unknown}
 w - a potion of lignification {unknown}


   Skills:
 + Level 9.2 Fighting
 - Level 6.0 Armour
 * Level 8.7 Dodging
 - Level 1.5 Stealth
 * Level 9.3 Spellcasting


You couldn't memorise any spells.
You knew the following spells:

 Your Spells              Type           Power      Damage    Failure   Level
a - Sting                 Tmut/Pois      100%       1d8       1%          1
b - Summon Small Mammal   Summ           100%       N/A       1%          1
c - Searing Ray           Conj           92%        3d6       1%          2
d - Olgreb's Toxic Radia  Pois           46%        N/A       2%          4
e - Inner Flame           Hex/Fire       46%        N/A       1%          3
f - Ice Form              Ice/Tmut       63%        N/A       2%          4
g - Fireball              Conj/Fire      23%        3d11      6%          5
i - Ignite Poison         Fire/Tmut/Pois 46%        N/A       1%          3
p - Poisonous Vapours     Pois/Air       92%        N/A       1%          2
x - Mephitic Cloud        Conj/Pois/Air  46%        N/A       1%          3
Your spell library was empty.

Dungeon Overview and Level Annotations

Branches:
Dungeon (8/15)             Temple (1/1) D:5            Lair (0/6) D:8

Altars:
Ashenzari
Cheibriados
Dithmenos
Elyvilon
Gozag
Makhleb
Nemelex Xobeh
Qazlal
Ru
Sif Muna
Uskayaw
Wu Jian
Xom
Zin

Shops:
D:3 *

Annotations:
D:5 1 runed translucent door


Innate Abilities, Weirdness & Mutations

You are immune to sickness and miasma.
You are immune to poison.
Your flesh is very heat resistant. (rF++)
You are vulnerable to cold. (rC-)
You float through the air rather than walking.
You learn spells naturally, not from books.
Your magical power is your life essence.
You have superior vitality. (+4 HP)


Message History

The orc priest looks as sick as possible!
You kill the orc priest!
Makhleb accepts your kill.
You feel better. The warg completely misses you. The warg closely misses you.
Unknown command.
Casting: Poisonous Vapours (safe; 1% risk of failure)
Confirm with . or Enter, or press ? or * to list all spells.
Okay, then.
Casting: Poisonous Vapours (safe; 1% risk of failure)
Confirm with . or Enter, or press ? or * to list all spells.
Aiming: Searing Ray (safe; 1% risk of failure)
Press: ? - help, Shift-Dir - straight line, f - warg
Aim: a warg (almost dead, 77% to hit)
The searing ray hits the warg.
You kill the warg!
Makhleb accepts your kill. (Press . to maintain the ray.)
The warg bites you!
* * * LOW HITPOINT WARNING * * *
Unknown command.
Unknown command.
Unknown command.
Casting: Searing Ray (safe; 1% risk of failure)
Confirm with . or Enter, or press ? or * to list all spells.
Restarting spell: Searing Ray (safe; 1% risk of failure)
Press: ? - help, Shift-Dir - straight line, f - warg
Aim: a warg (lightly wounded, 77% to hit)
The searing ray hits the warg!
The warg is moderately wounded. (Press . to maintain the ray.)
* * * LOW HITPOINT WARNING * * *
The warg closely misses you. The warg bites you!
* * * LOW HITPOINT WARNING * * *
Unknown command.
Unknown command.
The searing ray hits the warg!
The warg is severely wounded.
* * * LOW HITPOINT WARNING * * *
The warg bites you!
You die...

#.........
#........#
#....>..##
##........#
#.....##..<
#.###..##.#
#...#...#.# ###
##..#..##..
#@######..#.......
##.h.....###.......
#.)..<...###.......
#..................
#(...##...........
#....#.)..........
#..#..))........
##.....####.....
...... ....#


You could see a warg.

Vanquished Creatures
  A boulder beetle (D:7)
  The ghost of avis the Ruffian, a novice OgTm (D:5)
  A cyclops (D:7)
  An ugly thing (D:7)
  A manticore (D:6)
  A kobold demonologist (D:7)
  2 unseen horrors (D:7)
  A troll (D:6)
  A hornet (D:7)
  2 wyverns (D:8)
  A vampire (D:6)
  9 yaks
  A steam dragon (D:8)
  A vampire mosquito (D:7)
  A water moccasin (D:7)
  A warg (D:8)
  4 orc warriors
  A sky beast (D:5)
  3 ice beasts
  A black bear (D:4)
  6 ogres
  2 centaurs
  The ghost of Sobieck the Stinger, an amateur OpVM (D:3)
  6 bullfrogs
  A kobold brigand (D:3)
  2 scorpions
  A water moccasin zombie (D:5)
  A water moccasin skeleton (D:6)
  2 wyvern skeletons (D:6)
  9 killer bees
  5 wights (D:7)
  A howler monkey (D:5)
  2 bullfrog zombies
  12 orc priests
  2 jellies
  3 hounds
  A bullfrog skeleton (D:6)
  Natasha (thrice) (D:3)
  4 iguanas
  3 orc wizards
  A killer bee zombie (D:6)
  A howler monkey zombie (D:8)
  4 gnolls (D:6)
  A river rat (D:5)
  7 adders
  A shadow imp (D:6)
  2 white imps
  4 worms
  24 orcs
  6 endoplasms
  4 giant cockroaches
  6 hobgoblins
  6 jackals
  A quokka (D:4)
  6 ball pythons
  2 bats
  7 frilled lizards
  11 goblins
  18 kobolds
  5 rats
219 creatures vanquished.

Vanquished Creatures (others)
  A killer bee (D:8)
1 creature vanquished.

Grand Total: 220 creatures vanquished

Notes
Turn   | Place    | Note
-------+----------+-------------------------------------------
     0 | D:1      | dickylongcocking the Djinni Venom Mage began the quest for
                  | the Orb.
     0 | D:1      | Reached XP level 1. HP: 15/15 MP: 0/0
    54 | D:1      | Reached XP level 2. HP: 13/22 MP: 0/0
    58 | D:1      | Reached skill level 1 in Fighting
  1034 | D:1      | Reached XP level 3. HP: 21/27 MP: 0/0
  1034 | D:1      | Learned a level 1 spell: Summon Small Mammal
  1999 | D:2      | Reached XP level 4. HP: 25/33 MP: 0/0
  2470 | D:2      | Reached XP level 5. HP: 20/40 MP: 0/0
  2470 | D:2      | Learned a level 2 spell: Searing Ray
  3181 | D:3      | Reached XP level 6. HP: 11/47 MP: 0/0
  3183 | D:3      | Noticed Natasha
  3197 | D:3      | Killed Natasha
  3581 | D:3      | Found a faded altar of an unknown god.
  3633 | D:3      | Noticed Natasha
  3636 | D:3      | Killed Natasha
  3735 | D:3      | Found Kepsixzo's General Store.
  3746 | D:3      | Bought a scroll of blinking for 75 gold pieces
  3746 | D:3      | Bought a scroll of fog for 20 gold pieces
  3748 | D:3      | Found a broken altar of Ashenzari.
  3831 | D:3      | Found a runed translucent gate.
  3832 | D:3      | Found a runed translucent gate.
  3833 | D:3      | Found a runed translucent gate.
  3833 | D:3      | Noticed Sobieck's ghost (amateur OpVM)
  3875 | D:3      | Killed Sobieck's ghost
  3876 | D:3      | Reached XP level 7. HP: 19/53 MP: 0/0
  3876 | D:3      | Learned a level 3 spell: Inner Flame
  3880 | D:3      | Noticed Natasha
  3883 | D:3      | Killed Natasha
  4682 | D:4      | Found a stormy altar of Qazlal.
  5038 | D:4      | Reached skill level 5 in Fighting
  5857 | D:5      | Entered Level 5 of the Dungeon
  5858 | D:5      | Found a shadowy altar of Dithmenos.
  5909 | D:5      | Reached skill level 5 in Spellcasting
  5914 | D:5      | Reached XP level 8. HP: 19/61 MP: 0/0
  6161 | D:5      | Found a runed translucent door.
  6169 | D:5      | Noticed avis's ghost (novice OgTm)
  6189 | D:5      | Found a shimmering altar of Xom.
  6309 | D:5      | Found a runed translucent door.
  6326 | D:5      | Reached skill level 1 in Armour
  6408 | D:5      | Found an ornate altar of the Wu Jian Council.
  6423 | D:5      | Found a staircase to the Ecumenical Temple.
  6439 | Temple   | Entered the Ecumenical Temple
  6581 | Temple   | Became a worshipper of Makhleb the Destroyer
  7993 | D:5      | Killed avis's ghost
  7994 | D:5      | Reached XP level 9. HP: 22/67 MP: 0/0
  7994 | D:5      | Learned a level 4 spell: Ice Form
  8309 | D:6      | Reached skill level 5 in Armour
  8313 | D:6      | Reached * piety under Makhleb
  8693 | D:6      | HP: 1/68 [wyvern skeleton (14)]
  9224 | D:6      | Noticed a troll
  9229 | D:6      | Killed a troll
  9340 | D:6      | Reached XP level 10. HP: 75/75 MP: 0/0
  9458 | D:6      | Noticed a manticore
  9463 | D:6      | Killed a manticore
 10169 | D:7      | Killed an unseen horror
 10409 | D:7      | Reached ** piety under Makhleb
 10422 | D:7      | Reached skill level 5 in Dodging
 11339 | D:7      | Noticed a kobold demonologist
 11344 | D:7      | Killed a kobold demonologist
 11356 | D:7      | Noticed a white ugly thing
 11361 | D:7      | Killed a white ugly thing
 11362 | D:7      | Reached XP level 11. HP: 23/82 MP: 0/0
 11362 | D:7      | Learned a level 5 spell: Fireball
 11623 | D:7      | Noticed a boulder beetle
 11630 | D:7      | Killed a boulder beetle
 11731 | D:7      | Noticed a cyclops
 11735 | D:7      | Killed a cyclops
 12426 | D:8      | Reached *** piety under Makhleb
 12544 | D:8      | Found a staircase to the Lair.
 12566 | D:8      | Slain by a warg

Illustrated notes

Levels and vault maps discovered:
D:1:      dpeg_arrival_radiant, layout_loops_ring
D:2:      layout_loops_ring, minmay_curled_crystal, minmay_stone_trees_small
D:3:      layout_basic, overflow_temple_1_default,
          ebering_ecumenical_altar_petrified, gammafunk_ghost_nasty_kobolds,
          serial_shops, shop_statue, feat_on_display, uniq_natasha
D:4:      layout_basic, grunt_qazlal_clouds, nicolae_sif_muna_condensation,
          minivault_25
D:5:      layout_basic, kennysheep_little_box, general_overflow_altar,
          nicolae_dithmenos_the_darkroom, minmay_temple_entry_slanted,
          ebering_ghost_sewer_f
D:6:      layout_loops_ring, kb_rosetta
D:7:      minmay_chambers_of_sevens, layout_rooms, minmay_circle_x
D:8:      minmay_clustersquares, layout_cave_pools, vehumet_crystals,
          amcnicky_altar_gilded, erik_lair_orcish_takeover, uniq_joseph
Temple:   minmay_temple_curvy_loop

Skill      XL: |  1  2  3  4  5  6  7  8  9 10 11 |
---------------+----------------------------------+-----
Fighting       | 1 2 3 4 5 6 7 8 9 |  9.2
Spellcasting   | 3 4 5 6 7 8 9 |  9.3
Armour         | 4 5 6 |  6.0
Dodging        | 6 8 |  8.7
Stealth        | |  1.5

Action                   |  1- 3 |  4- 6 |  7- 9 | 10-12 || total
-------------------------+-------+-------+-------+-------++-------
Melee: Short sword       |     3 |       |       |       ||     3
       Dagger            |     5 |    62 |   134 |    15 ||   216
       Whip              |       |       |    11 |       ||    11
       Unarmed           |       |       |     6 |     7 ||    13
 Cast: Sting             |    56 |     2 |     4 |     3 ||    65
       Summon Small Mamm |     1 |       |       |     1 ||     2
       Poisonous Vapours |       |     9 |     4 |     2 ||    15
       Ignite Poison     |       |     7 |    42 |    61 ||   110
       Olgreb's Toxic Ra |       |     2 |    19 |    49 ||    70
       Mephitic Cloud    |       |     3 |    23 |    14 ||    40
       Searing Ray       |       |     1 |       |     4 ||     5
       Ice Form          |       |       |     2 |     2 ||     4
 Abil: End Transformatio |       |       |       |     1 ||     1
Evoke: Wand              |       |       |     2 |     6 ||     8
  Use: Potion            |       |     1 |     3 |     2 ||     6
       Scroll            |       |       |       |     1 ||     1
 Stab: Sleeping          |       |     1 |     2 |       ||     3
Armor: Robe              |     5 |       |       |       ||     5
       Leather armour    |     3 |    12 |    59 |    17 ||    91
       Skin              |       |       |     3 |     4 ||     7
Dodge: Dodged            |    23 |    34 |   102 |    63 ||   222

Table legend: (Time is in decaauts)
 A = Elapsed time spent in this place.
 B = Non-inter-level travel time spent in this place.
 C = Inter-level travel time spent in this place.
 D = Time resting spent in this place.
 E = Time spent auto-exploring this place.
 F = Levels seen in this place.
 G = Mean time per level.
                   A        B        C        D        E       F      G
               +--------+--------+--------+--------+--------+-----+--------+
         Total |  12552 |  12301 |    251 |   1870 |   9131 |   9 | 1394.7 |
       Dungeon |  12374 |  12187 |    187 |   1870 |   9020 |   8 | 1546.8 |
        Temple |    177 |    113 |     64 |      0 |    111 |   1 |  177.0 |
               +--------+--------+--------+--------+--------+-----+--------+

Top non-repeatable levels by time:
     D:5: 2540 daAuts
     D:6: 1939 daAuts
     D:7: 1731 daAuts
     D:2: 1674 daAuts
     D:1: 1442 daAuts
     D:4: 1412 daAuts
     D:3: 1325 daAuts
     D:8: 307 daAuts
  Temple: 177 daAuts
